 Dungeon Crawl Stone Soup version 0.23.1 (webtiles) character file.

Game seed: 8406266367087781805

10569 Borgoz the Grappler (level 11, -5/89 HPs)
             Began as a Ghoul Gladiator on Mar 8, 2019.
             Was a Believer of Ashenzari.
             Killed from afar by a starcursed mass (8 damage)
             ... with an accursed screaming
             ... on level 2 of the Abyss.
             The game lasted 00:25:56 (11563 turns).

Borgoz the Grappler (Ghoul Gladiator)              Turns: 11563, Time: 00:25:58

Health: -5/89      AC:  6    Str: 18 (19) XL:     11   Next: 64%
Magic:  10/10      EV: 15    Int:  3 (6)  God:    Ashenzari [**....]
Gold:   159        SH:  0    Dex: 13      Spells: 10/10 levels left

rFire    . . .     SeeInvis .     - Unarmed
rCold    + . .     Gourm    .   (no shield)
rNeg     + + +     Faith    .   a - +0 leather armour
rPois    ∞         Spirit   .   b - +0 helmet
rElec    .         Reflect  .   m - scarf {cloud immunity}
rCorr    .         Harm     .   (no gloves)
MR       .....                  v - +0 pair of boots
Stlth    +++++.....             (no amulet)
HPRegen  0.00/turn              j - ring of stealth
MPRegen  0.12/turn              u - +3 ring of dexterity

@: rotting
A: rotting body, claws 1, carnivore, cold resistance 1, negative energy
resistance 3, inhibited regeneration, torment resistance, unbreathing
a: Curse Item, Scrying, Renounce Religion


You were on level 2 of the Abyss.
You worshipped Ashenzari.
Ashenzari was pleased with you.
You were not hungry.

You visited 2 branches of the dungeon, and saw 13 of its levels.
You visited the Abyss 1 time.
You also visited: Ossuary.

You collected 346 gold pieces.
You spent 187 gold pieces at shops.

Inventory:

Hand Weapons
 n - a +2 rapier of speed
 w - a +2 dagger of venom
 H - a +0 blowgun
 K - a +3 quarterstaff of chaos
Missiles
 c - 6 throwing nets (quivered)
 N - 5 poisoned needles
 O - 6 tomahawks
Armour
 a - a +0 leather armour (worn)
 b - a +0 helmet (worn)
 m - a scarf of cloud immunity (worn)
 v - a +0 pair of boots (worn)
 C - a scarf of cloud immunity
 G - a +0 plate armour of cold resistance
 L - a +1 cloak
Jewellery
 j - a ring of stealth (left claw)
 u - a +3 ring of dexterity (right claw)
 I - an uncursed ring of flight
Wands
 F - a wand of acid (11)
 M - a wand of iceblast (9)
Scrolls
 f - 2 scrolls of enchant weapon
 g - 6 scrolls of magic mapping
 h - 4 scrolls of fear
 i - 3 scrolls of amnesia {unknown}
 k - 5 scrolls of remove curse
 o - 3 scrolls of fog {unknown}
 p - 2 scrolls of random uselessness {unknown}
 r - a scroll of brand weapon {unknown}
 x - a scroll of noise {unknown}
 y - a scroll of torment {unknown}
 A - 4 scrolls of teleportation
 D - 2 scrolls of identify
 E - a scroll of enchant armour {unknown}
 J - a scroll of immolation {unknown}
Potions
 e - a potion of flight
 l - a potion of brilliance
 q - 6 potions of curing
 s - 3 potions of magic
 t - a potion of might
 B - 2 potions of haste
Comestibles
 d - 24 rations


   Skills:
 + Level 5.7 Fighting
 - Level 1.7 Throwing
 + Level 5.2 Armour
 + Level 6.1 Dodging
 + Level 8.2 Stealth
 + Level 14.4 Unarmed Combat
 - Level 0.2 Evocations


You had 10 spell levels left.
You didn't know any spells.
Your spell library contained the following spells:

 Spells                   Type           Power        Failure   Level  Hunger
 Summon Small Mammal      Summ           #...         56%         1    ##.....
 Call Imp                 Summ           #.......     71%         2    ###....
 Call Canine Familiar     Summ           #.......     91%         3    ####...
 Summon Guardian Golem    Hex/Summ       #.......     91%         3    ####...
 Summon Ice Beast         Ice/Summ       #.......     100%        4    #####..
 Summon Lightning Spire   Summ/Air       #.......     100%        4    #####..


Dungeon Overview and Level Annotations

Branches:
Dungeon (12/15)            Temple (1/1) D:5            Lair (0/6) D:10
    Orc: D:9-12

Altars:
Ashenzari
Cheibriados
Dithmenos
Elyvilon
Fedhas
Gozag
Hepliaklqana
Kikubaaqudgha
Makhleb
Nemelex Xobeh
Okawaru
Qazlal
Ru
Sif Muna
Trog
Uskayaw
Vehumet
Wu Jian
Xom
Yredelemnul
Zin
The Shining One

Shops:
D:8 =}?!   D:9 %

Annotations:
D:8 2 transporters, nuthulu's ghost, novice MiBe
D:11 Sonja


Innate Abilities, Weirdness & Mutations

Your body is rotting away.
You thrive on raw meat.
You are immune to poison.
You have sharp fingernails.
You are carnivorous and can eat meat at any time.
Your flesh is cold resistant. (rC+)
You are immune to negative energy. (rN+++)
You do not regenerate when monsters are visible.
You are immune to unholy pain and torment.
You can survive without breathing.


Message History

The living lightning hits you!
The raiju blinks! x2
You hear a bark!
The raiju bursts into living lightning!
The living lightning hits you!!
The raiju blinks!
You barely miss the raiju.
The raiju bursts into living lightning!
The living lightning hits you!!
* * * LOW HITPOINT WARNING * * *
The raiju blinks!
A large abomination comes into view.
The large abomination moves out of view.
A starcursed mass comes into view.
The starcursed mass shrieks in your mind.
* * * LOW HITPOINT WARNING * * *
You feel better.
The starcursed mass shrieks in your mind.
* * * LOW HITPOINT WARNING * * *
A starcursed mass splits.
A chorus of shrieks assaults your mind.
You die...

, , ** * , , ,, ,
** , * * , , , , ,
* *** * * ##** *, ,
, #.#,* , , , * ,,
,* ,#.#.# * .#.. *
, , #....#####...#
, ##.**#.@...#.. **
#..*##...#..#.# , *
,,#.#.#.#....#.#,
#.#..XX###....# , *
* .#......#,..### *
* #...#..#.###..,
#.......#h.####
#.#....#.#...#.#.##
, * .
#..#..#....... ..*


You could see 2 starcursed masses.

Vanquished Creatures
  Harold (D:7)
  Pikel (D:8)
  2 trolls
  Prince Ribbit (D:8)
  A meliai (shapeshifter) (D:11)
  A hornet (D:10)
  2 hippogriffs
  Sigmund (D:5)
  A wraith (Ossuary)
  6 yaks (D:10)
  A spriggan (D:10)
  A steam dragon (D:9)
  Menkaure (D:5)
  A large abomination (Abyss:1)
  2 porcupines (D:10)
  Duvessa (D:7)
  A slave (D:8)
  3 orc warriors
  5 sky beasts
  A black bear (D:11)
  A phantom (D:7)
  10 ogres
  4 centaurs
  2 crocodiles (D:10)
  An elf zombie (D:5)
  2 big kobolds (D:9)
  A gnoll sergeant (D:9)
  8 bullfrogs
  Dowan (D:7)
  2 elf skeletons (D:5)
  A water moccasin zombie (D:10)
  A wyvern skeleton (D:9)
  3 scorpions
  5 wights (D:6)
  10 howler monkeys
  An electric eel (D:10)
  4 crimson imps
  7 jellies
  A quasit (D:9)
  2 hounds
  4 orc wizards
  A bullfrog skeleton (D:4)
  A gnoll shaman (D:7)
  6 orc priests
  Crazy Yiuf (D:6)
  2 centaur skeletons
  2 human skeletons (D:5)
  4 iguanas
  Natasha (twice) (D:4)
  8 worker ants
  A small abomination (Abyss:2)
  A mummy (Ossuary)
  A hound zombie (D:9)
  A hound skeleton (D:10)
  A howler monkey zombie (D:5)
  10 gnolls
  9 adders
  4 shadow imps
  4 worms
  A dart slug (D:4)
  5 leopard geckos
  37 orcs
  7 giant cockroaches
  6 goblins
  7 hobgoblins
  10 jackals
  11 kobolds
  3 quokkas
  2 ball pythons
  5 bats
  6 frilled lizards
  5 gnoll skeletons (Ossuary)
  9 kobold skeletons (Ossuary)
  2 leopard gecko zombies (D:5)
  10 orc skeletons
  6 rats
296 creatures vanquished.

Vanquished Creatures (others)
  A centaur (D:8)
  2 bushes (D:10)
  4 fungi (D:10)
  15 plants
22 creatures vanquished.

Grand Total: 318 creatures vanquished

Notes
Turn   | Place    | Note
-------+----------+-------------------------------------------
     0 | D:1      | Borgoz the Ghoul Gladiator began the quest for the Orb.
     0 | D:1      | Reached XP level 1. HP: 17/17 MP: 0/0
   162 | D:1      | Reached XP level 2. HP: 22/22 MP: 1/1
   330 | D:1      | Reached skill level 4 in Unarmed Combat
   488 | D:1      | Reached XP level 3. HP: 29/29 MP: 2/2
   779 | D:2      | Reached skill level 1 in Armour
  1296 | D:2      | Reached XP level 4. HP: 34/34 MP: 3/3
  1446 | D:2      | Found a glowing golden altar of the Shining One.
  1800 | D:3      | Reached skill level 1 in Stealth
  1800 | D:3      | Reached XP level 5. HP: 8/42 MP: 4/4
  2178 | D:3      | Reached skill level 5 in Unarmed Combat
  2751 | D:4      | Noticed Natasha
  2760 | D:4      | Killed Natasha
  2760 | D:4      | Reached XP level 6. HP: 23/50 MP: 5/5
  3373 | D:4      | Noticed Natasha
  3383 | D:4      | Killed Natasha
  3493 | D:4      | Found an ancient bone altar of Kikubaaqudgha.
  3494 | D:4      | Found a burning altar of Makhleb.
  3495 | D:4      | Found a basalt altar of Yredelemnul.
  3502 | D:4      | Reached skill level 6 in Unarmed Combat
  3502 | D:4      | Reached XP level 7. HP: 45/53 MP: 6/6
  3508 | D:4      | Found a radiant altar of Vehumet.
  3556 | D:5      | Entered Level 5 of the Dungeon
  3556 | D:5      | Noticed Menkaure
  3562 | D:5      | Killed Menkaure
  3683 | D:5      | Noticed Sigmund
  3688 | D:5      | Killed Sigmund
  3688 | D:5      | Reached skill level 7 in Unarmed Combat
  3688 | D:5      | Reached XP level 8. HP: 57/63 MP: 7/7
  3971 | D:5      | Reached skill level 8 in Unarmed Combat
  3989 | D:5      | Found a sand-covered staircase.
  3997 | Ossuary  | Entered an ossuary
  3997 | Ossuary  | Noticed a wraith
  3997 | Ossuary  | Noticed a wraith
  3997 | Ossuary  | Noticed a wraith
  4190 | Ossuary  | Noticed a wraith
  4226 | Ossuary  | Killed a wraith
  4612 | D:5      | Found a staircase to the Ecumenical Temple.
  4627 | D:5      | Reached skill level 9 in Unarmed Combat
  4667 | Temple   | Entered the Ecumenical Temple
  4759 | Temple   | Became a worshipper of Ashenzari the Shackled
  4911 | D:5      | Reached XP level 9. HP: 55/71 MP: 8/8
  5395 | D:6      | Reached skill level 10 in Unarmed Combat
  5525 | D:6      | Found a runed translucent door.
  5526 | D:6      | Noticed Crazy Yiuf
  5739 | D:6      | Found a shadowy altar of Dithmenos.
  5968 | D:6      | Killed Crazy Yiuf
  6051 | D:7      | Noticed Harold
  6075 | D:7      | Killed Harold
  6075 | D:7      | Reached skill level 5 in Dodging
  6075 | D:7      | Reached skill level 5 in Stealth
  6075 | D:7      | Reached skill level 11 in Unarmed Combat
  6196 | D:7      | Noticed Duvessa
  6196 | D:7      | Noticed Dowan
  6205 | D:7      | Killed Duvessa
  6211 | D:7      | Killed Dowan
  6211 | D:7      | Reached XP level 10. HP: 39/80 MP: 9/9
  6614 | D:7      | Reached skill level 12 in Unarmed Combat
  6764 | D:7      | Reached * piety under Ashenzari
  6859 | D:8      | Noticed Prince Ribbit
  6868 | D:8      | Killed Prince Ribbit
  6929 | D:8      | Found a transporter.
  6932 | D:8      | Noticed nuthulu's ghost (novice MiBe)
  6944 | D:8      | Noticed a moth of wrath
  6987 | D:8      | Found Eheat's Jewellery Shoppe.
  6995 | D:8      | Found Garhoej's Gadget Emporium.
  7133 | D:8      | Found a transporter.
  7297 | D:8      | Noticed Pikel
  7316 | D:8      | Killed Pikel
  7446 | D:8      | Found Mosaoram's Distillery.
  7545 | D:8      | Found Dupia's Magic Scroll Shoppe.
  7550 | D:8      | Bought a scroll of blinking for 112 gold pieces
  7550 | D:8      | Bought a scroll of identify for 30 gold pieces
  7550 | D:8      | Bought a scroll of teleportation for 45 gold pieces
  7841 | D:9      | Found a bloodstained altar of Trog.
  7944 | D:9      | Found Hecyn's Food Boutique.
  8084 | D:9      | Reached skill level 13 in Unarmed Combat
  8128 | D:9      | Reached skill level 5 in Fighting
  8605 | D:9      | Found a glowing silver altar of Zin.
  8621 | D:9      | Reached ** piety under Ashenzari
  9097 | D:9      | Reached XP level 11. HP: 80/86 MP: 10/10
  9328 | D:10     | Entered Level 10 of the Dungeon
  9615 | D:10     | Reached skill level 5 in Armour
  9619 | D:10     | Reached skill level 14 in Unarmed Combat
 10225 | D:10     | Found a staircase to the Lair.
 10428 | D:11     | Noticed Sonja
 11139 | D:11     | Cast into level 1 of the Abyss (Sonja)
 11161 | Abyss:1  | Noticed a thrashing horror
 11184 | Abyss:1  | Found a corrupted altar of Lugonu.
 11212 | Abyss:1  | Found a corrupted altar of Lugonu.
 11248 | Abyss:1  | Noticed a wretched star
 11259 | Abyss:1  | Noticed a great orb of eyes
 11291 | Abyss:1  | Found a blossoming altar of Fedhas.
 11292 | Abyss:1  | Noticed a large abomination
 11322 | Abyss:2  | Noticed a black draconian
 11530 | Abyss:2  | Noticed a wizard
 11530 | Abyss:2  | Noticed a red draconian
 11553 | Abyss:2  | Noticed a large abomination
 11555 | Abyss:2  | Noticed a starcursed mass
 11557 | Abyss:2  | HP: 2/88 [starcursed mass/accursed screaming (7)]
 11563 | Abyss:2  | Killed from afar by a starcursed mass

Skill      XL: |  1  2  3  4  5  6  7  8  9 10 11 |
---------------+----------------------------------+-----
Dodging        | 3 4 5 6 |  6.1
Unarmed Combat | 4 5 6 7 9 11 13 14 | 14.4
Armour         | 1 2 3 4 5 |  5.2
Stealth        | 1 2 3 4 5 7 8 |  8.2
Fighting       | 3 4 5 |  5.7
Throwing       | |  1.7
Evocations     | |  0.2

Action                   |  1- 3 |  4- 6 |  7- 9 | 10-12 || total
-------------------------+-------+-------+-------+-------++-------
Melee: Unarmed           |   134 |   180 |   321 |   423 ||  1058
       Punch             |       |     5 |    15 |    27 ||    47
Throw: Throwing net      |       |     1 |     3 |       ||     4
Evoke: Wand              |       |       |       |     3 ||     3
  Use: Potion            |       |     1 |     3 |     9 ||    13
       Scroll            |       |     8 |     5 |     4 ||    17
 Stab: Sleeping          |     1 |     7 |     6 |    22 ||    36
       Held in net/web   |       |       |     1 |       ||     1
       Distracted        |       |       |       |     2 ||     2
       Paralysed         |       |       |       |     2 ||     2
  Eat: Chunk             |     8 |    20 |    19 |    27 ||    74
Armor: Leather armour    |    51 |    36 |    37 |    66 ||   190
Dodge: Dodged            |   103 |   102 |   128 |   229 ||   562
